[Event "Titled Tuesday Blitz November 22 Early 2022"]
[White "Onslow, Alfie"]
[Black "Dilanyan, Grigor"]
[WhiteFideId "436976"]
[BlackFideId "13303570"]
[WhiteElo "2015"]
[BlackElo "2229"]
[Result "0-1"]
[Round "01"]
[TimeControl "180+1"]
[Date "2022.11.23"]
[WhiteClock "0:00:02"]
[BlackClock "0:02:15"]

1. e4 c5 2. Nc3 Nc6 3. Bb5 Nd4 4. Nf3 Nxb5 5. Nxb5 g6 6. d4 Bg7 7. O-O a6 8. Nc3 cxd4 9. Nxd4 d6 10. Bg5 Nf6 11. Qe2 O-O 12. Rad1 Bg4 13. f3 Bd7 14. a4 Rc8 15. Nd5 Nxd5 16. exd5 Qb6 17. c3 Rfe8 18. Be3 Bxa4 19. Ra1 Bd7 20. Nf5 Qb5 21. Qxb5 Bxb5 22. Nxg7 Kxg7 23. Rfe1 Bc4 24. Rad1 f6 25. Bb6 Kf7 26. Rd2 h5 27. Kf2 Bb3 28. Re4 Rc4 29. Rxc4 Bxc4 30. Rd4 Rc8 31. Ke3 Bb3 32. h4 e5 33. dxe6+ Kxe6 34. Re4+ Kf7 35. g4 Be6 36. Rf4 f5 37. g5 Rc6 38. Bd4 b5 39. b4 Rc8 40. Kd2 Re8 41. Be3 Bc4 42. Rd4 d5 43. f4 Ke6 44. Bf2 Kd6 45. Be3 Re7 46. Rxc4 dxc4 47. Bc5+ Ke6 48. Bxe7 Kxe7 49. Ke3 Ke6 50. Kf3 Kd6 51. Kf2 Kc6 52. Kf3 Kb6 53. Ke3 a5 54. bxa5+ Kxa5 55. Kd4 Ka4 0-1


[Site "https://www.chess.com"]

[Event "Titled Tuesday Blitz November 22 Early 2022"]
[White "Oparin, Grigoriy"]
[Black "Lucas, Arthur"]
[WhiteFideId "24125890"]
[BlackFideId "26093073"]
[WhiteElo "2639"]
[BlackElo "2251"]
[Result "1-0"]
[Round "01"]
[TimeControl "180+1"]
[Date "2022.11.22"]
[WhiteClock "0:01:29"]
[BlackClock "0:00:02"]

1. d4 Nf6 2. c4 e6 3. g3 d5 4. Bg2 Be7 5. Nf3 O-O 6. Nc3 dxc4 7. Ne5 a6 8. Nxc4 Nd5 9. e4 Nxc3 10. bxc3 b5 11. Ne3 Bb7 12. O-O Nd7 13. c4 bxc4 14. Nxc4 Nb6 15. Na5 Rb8 16. Nxb7 Rxb7 17. Rb1 Rb8 18. Bf4 Qd7 19. Qc2 Rfc8 20. Rfc1 Qxd4 21. Qe2 e5 22. Be3 Qa4 23. Bh3 Rd8 24. Rxc7 Bb4 25. Qf3 Nd7 26. Bxd7 Rxd7 27. Rxd7 Qxd7 28. Bc5 a5 29. a3 Bxc5 30. Rxb8+ Bf8 31. Qc3 Qe7 32. Qxa5 h5 33. Qd8 1-0


[Site "https://www.chess.com"]

[Event "Titled Tuesday Blitz November 22 Early 2022"]
[White "Orlov, Georgi"]
[Black "Kriti Mayur Patel"]
[WhiteFideId "2011271"]
[BlackFideId "35061780"]
[WhiteElo "2530"]
[BlackElo "1306"]
[Result "1-0"]
[Round "01"]
[TimeControl "180+1"]
[Date "2022.11.23"]
[WhiteClock "0:00:18"]
[BlackClock "0:00:09"]

1. e4 e5 2. Nf3 Nc6 3. Bc4 Nf6 4. Ng5 d5 5. exd5 Na5 6. Bb5+ c6 7. dxc6 bxc6 8. Qf3 Rb8 9. Bd3 Bd6 10. Nc3 Bg4 11. Qe3 O-O 12. h3 Bc8 13. a3 h6 14. Nf3 Nd5 15. Nxd5 cxd5 16. b4 Nc6 17. Be2 Re8 18. Bb2 d4 19. Qb3 Be6 20. Qa4 Qc7 21. O-O Bxb4 22. Bb5 Rxb5 23. Qxb5 Rb8 24. Qe2 Bd6 25. Bc1 Na5 26. d3 Bd5 27. Re1 Qc6 28. Nh4 Be7 29. Nf5 Bf6 30. Qg4 Re8 31. Bxh6 Kf8 32. Bxg7+ Bxg7 33. Qxg7# 1-0


[Site "https://www.chess.com"]

[Event "Titled Tuesday Blitz November 22 Early 2022"]
[White "Osinovsky, Stepan"]
[Black "Vaibhav Jayant Raut"]
[WhiteFideId "4157354"]
[BlackFideId "5089034"]
[WhiteElo "2222"]
[BlackElo "2147"]
[Result "0-1"]
[Round "01"]
[TimeControl "180+1"]
[Date "2022.11.23"]
[WhiteClock "0:00:03"]
[BlackClock "0:00:20"]

1. e4 e5 2. Nf3 Nc6 3. Bb5 a6 4. Ba4 Nf6 5. O-O Nxe4 6. d4 b5 7. Bb3 d5 8. Nxe5 Nxe5 9. dxe5 Be6 10. Be3 Nc5 11. f4 Nxb3 12. axb3 g6 13. Nc3 c5 14. Qf3 b4 15. Ne2 h5 16. f5 gxf5 17. Nf4 Be7 18. Rfd1 d4 19. Bf2 Rg8 20. Nxh5 Bd5 21. Qxf5 Bxg2 22. Bg3 Qd5 23. Re1 Qf3 24. Nf6+ Kf8 25. Nd7+ Kg7 26. Qxf3 Bxf3 27. Kf2 Bg4 28. Nf6 Bf5 29. Bf4 Rh8 30. Rg1+ Kf8 0-1


[Site "https://www.chess.com"]

[Event "Titled Tuesday Blitz November 22 Early 2022"]
[White "Osmak, Yuliia"]
[Black "Simonovic, Miroslav"]
[WhiteFideId "14101602"]
[BlackFideId "919152"]
[WhiteElo "2328"]
[BlackElo "2043"]
[Result "1/2-1/2"]
[Round "01"]
[TimeControl "180+1"]
[Date "2022.11.23"]
[WhiteClock "0:00:08"]
[BlackClock "0:00:04"]

1. e4 c5 2. c3 d5 3. exd5 Qxd5 4. d4 Nc6 5. Nf3 Bf5 6. Be3 cxd4 7. cxd4 Bxb1 8. Rxb1 e6 9. a3 Nf6 10. Be2 Be7 11. O-O O-O 12. h3 Rfd8 13. Qa4 a6 14. Rfd1 Qa5 15. Qxa5 Nxa5 16. Ne5 Rac8 17. Rbc1 Nd5 18. Bh5 g6 19. Bf3 f6 20. Rxc8 Rxc8 21. Bg4 f5 22. Bf3 Rc2 23. Bxd5 exd5 24. Rc1 Rxc1+ 25. Bxc1 Nc4 26. Nd3 Bf6 27. b3 Nd6 28. Nf4 Bxd4 29. Nxd5 Ne4 30. Be3 Bxe3 31. Nxe3 Nd2 32. b4 Kf7 33. f3 Ke6 34. Kf2 b5 35. Ke2 Nb1 36. Nc2 Kd5 37. Kd3 f4 38. h4 h6 39. Nd4 Nxa3 40. Ne2 g5 41. hxg5 hxg5 42. Nc3+ Ke5 43. Ne4 Nc4 44. Nxg5 Ne3 45. g3 Nd5 46. g4 Nxb4+ 47. Kc3 Nc6 48. Kb3 a5 49. Kc3 Nd4 50. Nf7+ Kf6 51. Nd6 Nxf3 52. Nxb5 Ne5 53. Nd4 Nxg4 54. Kd3 Ke5 55. Nf3+ Kf5 56. Nd4+ Kg5 57. Nf3+ Kh5 58. Ke4 a4 59. Nd2 a3 60. Kxf4 a2 61. Nb3 Nf2 62. Na1 Nd3+ 63. Ke3 Nb2 64. Kd2 Na4 65. Kc2 Nc5 66. Kb2 Kg5 67. Kxa2 1/2-1/2


[Site "https://www.chess.com"]

[Event "Titled Tuesday Blitz November 22 Early 2022"]
[White "Ovchinnikov, Vsevolod"]
[Black "Fernandez Hernandez, Gerardo"]
[WhiteFideId "24176842"]
[BlackFideId "2207400"]
[WhiteElo "2376"]
[BlackElo "2246"]
[Result "1/2-1/2"]
[Round "01"]
[TimeControl "180+1"]
[Date "2022.11.23"]
[WhiteClock "0:00:29"]
[BlackClock "0:00:35"]

1. d4 Nf6 2. c4 c5 3. d5 b5 4. cxb5 a6 5. bxa6 g6 6. Nc3 Bg7 7. a7 Rxa7 8. Nf3 O-O 9. e4 d6 10. Be2 Ba6 11. O-O Qa5 12. Bd2 Bxe2 13. Qxe2 Qa6 14. Rfe1 Qxe2 15. Rxe2 Nbd7 16. h3 Rb8 17. Bg5 Nb6 18. Rd1 Na4 19. Nxa4 Rxa4 20. Bxf6 Bxf6 21. b3 Ra3 22. Rc1 Rba8 23. Rcc2 Kf8 24. Kf1 Bg7 25. Ke1 h6 26. Kd1 Ke8 27. Kc1 Kd7 28. g3 R8a7 29. Ne1 Bd4 30. Nf3 Bg7 31. h4 c4 32. Rxc4 Rxa2 33. Rxa2 Rxa2 34. Rc2 Ra1+ 35. Kd2 Rb1 36. Ra2 Rxb3 37. Ra7+ Kd8 38. Ra8+ Kd7 39. Ra7+ Kd8 40. Ke2 Rb2+ 41. Kf1 Rb4 42. Ra8+ Kd7 43. Ra7+ Kd8 44. Ra8+ Kd7 45. Ra7+ Kd8 1/2-1/2


[Site "https://www.chess.com"]

[Event "Titled Tuesday Blitz November 22 Early 2022"]
[White "Ozates, Tuna"]
[Black "Jones, Gawain C B"]
[WhiteFideId "6354521"]
[BlackFideId "409561"]
[WhiteElo "2151"]
[BlackElo "2657"]
[Result "0-1"]
[Round "01"]
[TimeControl "180+1"]
[Date "2022.11.22"]
[WhiteClock "0:00:04"]
[BlackClock "0:00:06"]

1. e4 c5 2. Nf3 g6 3. d4 cxd4 4. Qxd4 Nf6 5. Nc3 Nc6 6. Qa4 d6 7. e5 dxe5 8. Nxe5 Bg7 9. Nxc6 bxc6 10. Qxc6+ Bd7 11. Qf3 O-O 12. Bd3 Bg4 13. Qg3 Qd7 14. h3 Bf5 15. O-O Bxd3 16. Qxd3 Qxd3 17. cxd3 Rfd8 18. Rd1 Nd5 19. d4 Rac8 20. Nxd5 Rxd5 21. Be3 Rcd8 22. Rac1 e5 23. Rc7 exd4 24. Bd2 a6 25. Re1 Be5 26. Re7 Bf6 27. Re8+ Kg7 28. Kf1 d3 29. b3 h5 30. g4 R8d7 31. Rc8 hxg4 32. hxg4 Bg5 33. f4 Be7 34. g5 f6 35. Re6 fxg5 36. fxg5 Bxg5 37. Ke1 Bxd2+ 38. Kxd2 Rf5 39. Rce8 Rf2+ 40. Kd1 d2 41. R8e7+ Rxe7 42. Rxe7+ Kf6 43. Ra7 g5 44. Rxa6+ Kf5 45. Rd6 g4 46. Rd8 g3 47. Rf8+ Ke4 48. Rg8 g2 49. Re8+ Kd3 50. Rd8+ Kc3 51. Rc8+ Kb4 52. Rg8 Rf1+ 53. Kxd2 g1=Q 54. Rxg1 Rxg1 55. Kc2 Rg2+ 0-1


[Site "https://www.chess.com"]

[Event "Titled Tuesday Blitz November 22 Early 2022"]
[White "Pajeken, Jakob Leon"]
[Black "Kalajzic, Ivan"]
[WhiteFideId "12942839"]
[BlackFideId "14506378"]
[WhiteElo "2429"]
[BlackElo "2163"]
[Result "1-0"]
[Round "01"]
[TimeControl "180+1"]
[Date "2022.11.23"]
[WhiteClock "0:00:09"]
[BlackClock "0:00:02"]

1. d4 Nc6 2. Nf3 d6 3. e4 Bg4 4. Bb5 a6 5. Ba4 b5 6. Bb3 Nf6 7. c3 e6 8. h3 Bh5 9. Nbd2 Be7 10. Qe2 O-O 11. Nf1 d5 12. e5 Ne4 13. Ng3 Nxg3 14. fxg3 Na5 15. Bc2 Bg6 16. Bxg6 fxg6 17. h4 c5 18. dxc5 Qc7 19. b4 Nc4 20. O-O a5 21. Bf4 axb4 22. cxb4 Ra3 23. Nd4 Qd7 24. Kh2 h6 25. c6 Qc8 26. Nxb5 Ra4 27. Qg4 Rxb4 28. Nd4 g5 29. hxg5 hxg5 30. Bxg5 Nxe5 31. Rxf8+ Bxf8 32. Qxe6+ Qxe6 33. Nxe6 Ng4+ 34. Kg1 Bd6 35. c7 Rc4 36. Bd8 Kf7 37. Ng5+ Kg6 38. Nf3 Bc5+ 39. Kf1 Rc2 40. Bg5 Bb4 41. Rc1 Rf2+ 42. Kg1 Bd2 43. Bxd2 Rxd2 44. c8=Q 1-0


[Site "https://www.chess.com"]

[Event "Titled Tuesday Blitz November 22 Early 2022"]
[White "Papasimakopoulos, Alexandros"]
[Black "Boraso, Alessio"]
[WhiteFideId "4244125"]
[BlackFideId "848077"]
[WhiteElo "2365"]
[BlackElo "2286"]
[Result "1-0"]
[Round "01"]
[TimeControl "180+1"]
[Date "2022.11.23"]
[WhiteClock "0:00:19"]
[BlackClock "0:00:02"]

1. d4 Nf6 2. c4 c5 3. d5 e6 4. Nc3 exd5 5. cxd5 g6 6. e4 d6 7. Bb5+ Nbd7 8. Bf4 Nh5 9. Be3 a6 10. Be2 Nhf6 11. Nf3 b5 12. Nd2 Bg7 13. Bf4 Qe7 14. O-O O-O 15. Re1 Re8 16. Bf1 Ne5 17. h3 Nh5 18. Bh2 Qg5 19. Nf3 Nxf3+ 20. Qxf3 Be5 21. Bxe5 Qxe5 22. g3 Ra7 23. Re2 Rae7 24. a4 b4 25. Nd1 Qf6 26. Qxf6 Nxf6 27. f3 a5 28. Ne3 Ba6 29. Rd2 Bxf1 30. Kxf1 Nd7 31. Nc4 Ne5 32. Nxd6 Rd8 33. Nb5 Nxf3 34. Re2 Rxe4 35. Rxe4 Nd2+ 36. Ke2 Nxe4 37. Rd1 Nxg3+ 38. Kf3 Nf5 39. d6 Kf8 40. Ke4 Ke8 41. Kd5 Kd7 42. Kxc5 Rc8+ 43. Kb6 Ra8 44. Rc1 Rb8+ 45. Kxa5 Nxd6 46. Rd1 Ra8+ 47. Kxb4 Rb8 48. Rxd6+ Ke7 49. Rd1 f5 50. a5 g5 51. a6 f4 52. a7 Ra8 53. Kc5 h5 54. Kb6 g4 55. Kb7 Rg8 56. hxg4 hxg4 57. Nd4 f3 58. Nxf3 gxf3 59. a8=Q Rxa8 60. Kxa8 1-0


[Site "https://www.chess.com"]

[Event "Titled Tuesday Blitz November 22 Early 2022"]
[White "Paravyan, David"]
[Black "Tologon tegin, Semetei"]
[WhiteFideId "4194985"]
[BlackFideId "13800574"]
[WhiteElo "2546"]
[BlackElo "2282"]
[Result "1-0"]
[Round "01"]
[TimeControl "180+1"]
[Date "2022.11.22"]
[WhiteClock "0:00:25"]
[BlackClock "0:00:10"]

1. e4 e5 2. Nf3 Nc6 3. Nc3 Nf6 4. d4 exd4 5. Nxd4 Bb4 6. Nxc6 bxc6 7. Bd3 O-O 8. O-O d5 9. exd5 cxd5 10. Qf3 c6 11. Bg5 Rb8 12. h3 Re8 13. Rfe1 Rxe1+ 14. Rxe1 Be6 15. a3 Be7 16. b4 a5 17. b5 Bxa3 18. bxc6 Bb4 19. Bf4 Bd6 20. Nb5 Bxf4 21. Qxf4 Rc8 22. c7 Qd7 23. Ra1 Ra8 24. Qd6 Qc8 25. Qb6 a4 26. Nd6 Qd7 27. Ba6 Rxa6 28. Qxa6 Qxc7 29. Qa8+ Bc8 30. Qxc8+ Qxc8 31. Nxc8 1-0


[Site "https://www.chess.com"]

[Event "Titled Tuesday Blitz November 22 Early 2022"]
[White "Pham, Khoi"]
[Black "Harsh Suresh"]
[WhiteFideId "1054988"]
[BlackFideId "45018464"]
[WhiteElo "2447"]
[BlackElo "2227"]
[Result "0-1"]
[Round "01"]
[TimeControl "180+1"]
[Date "2022.11.23"]
[WhiteClock "0:00:02"]
[BlackClock "0:00:07"]

1. e4 Nf6 2. e5 Nd5 3. c4 Nb6 4. c5 Nd5 5. Nc3 Nxc3 6. bxc3 e6 7. d4 d6 8. cxd6 cxd6 9. Nf3 Nc6 10. exd6 Bxd6 11. Bd3 Qa5 12. Bd2 O-O 13. O-O Qh5 14. Re1 b6 15. Rb1 Bb7 16. Rb5 f5 17. Bc4 Nd8 18. Ne5 Qxd1 19. Rxd1 Ba6 20. a4 Bxb5 21. Bxb5 Bxe5 22. dxe5 Nf7 23. Re1 Rfd8 24. Bc1 Rac8 25. c4 Nxe5 26. Bg5 Rd4 27. h3 Nxc4 28. Rxe6 Nd6 29. Bd7 Rc7 30. Re7 Kf8 31. g4 h6 32. Be3 Kxe7 0-1


[Site "https://www.chess.com"]

[Event "Titled Tuesday Blitz November 22 Early 2022"]
[White "Piesik, Piotr"]
[Black "Petrova, Irina"]
[WhiteFideId "1136194"]
[BlackFideId "14124122"]
[WhiteElo "2316"]
[BlackElo "2023"]
[Result "1-0"]
[Round "01"]
[TimeControl "180+1"]
[Date "2022.11.23"]
[WhiteClock "0:01:08"]
[BlackClock "0:00:14"]

1. Nf3 d6 2. d4 g6 3. g3 Bg7 4. Bg2 Nf6 5. O-O O-O 6. Nbd2 Nc6 7. e4 e5 8. dxe5 dxe5 9. c3 Qe7 10. Qe2 Be6 11. b4 a6 12. a4 b6 13. Ba3 b5 14. axb5 axb5 15. Qxb5 Bd7 16. Qe2 Rfd8 17. Nc4 Qe6 18. b5 Na5 19. Ncxe5 Nb3 20. Nxd7 Nxd7 21. Ra2 Bxc3 22. e5 Rab8 23. Bb2 Bxb2 24. Rxb2 Nbc5 25. Nd4 Qxe5 26. Nc6 Qxe2 27. Rxe2 Nf6 28. Rc1 Ne6 29. Nxd8 Rxd8 30. Rb2 Rb8 31. Bh3 Nd5 32. Bxe6 fxe6 33. Rc6 Kf7 34. Kg2 Rb6 35. Rxb6 cxb6 36. Rc2 Ke7 37. Rc6 Kd7 38. Kf3 Ke7 39. Ke4 Kd7 40. Ke5 Ne7 41. Rd6+ Kc7 42. Rxe6 Nc8 43. f4 Kb7 44. Kd5 Na7 45. Re7+ Kb8 46. Rxa7 Kxa7 47. Kc6 1-0


[Site "https://www.chess.com"]

[Event "Titled Tuesday Blitz November 22 Early 2022"]
[White "Pinheiro, Iung Alicio de O."]
[Black "Larina, Maria"]
[WhiteFideId "2104350"]
[BlackFideId "24113182"]
[WhiteElo "2283"]
[BlackElo "1848"]
[Result "1-0"]
[Round "01"]
[TimeControl "180+1"]
[Date "2022.11.23"]
[WhiteClock "0:01:21"]
[BlackClock "0:01:19"]

1. e4 c6 2. Nc3 d5 3. Nf3 Bg4 4. h3 Bxf3 5. Qxf3 e6 6. d4 dxe4 7. Qxe4 Nf6 8. Qd3 Na6 9. a3 Nc7 10. g3 Be7 11. Bg2 O-O 12. O-O Ncd5 13. Ne2 Qd7 14. c4 Nb6 15. Rd1 Rfd8 16. Nc3 a5 17. b3 h6 18. Be3 Rac8 19. d5 cxd5 20. Bxb6 dxc4 21. Qe2 Qe8 22. Bxd8 Rxd8 23. Rxd8 Qxd8 24. Qxc4 1-0


[Site "https://www.chess.com"]

[Event "Titled Tuesday Blitz November 22 Early 2022"]
[White "Postnikov, Daniil"]
[Black "Jiganchine, Roman"]
[WhiteFideId "4166329"]
[BlackFideId "2603667"]
[WhiteElo "2261"]
[BlackElo "2310"]
[Result "1/2-1/2"]
[Round "01"]
[TimeControl "180+1"]
[Date "2022.11.23"]
[WhiteClock "0:00:09"]
[BlackClock "0:00:06"]

1. e4 c6 2. d4 d5 3. e5 Bf5 4. Nf3 e6 5. Be2 Nd7 6. O-O a6 7. Nbd2 h5 8. Nb3 c5 9. dxc5 Bxc5 10. Nxc5 Nxc5 11. Nd4 Bg6 12. f4 Ne7 13. Be3 Rc8 14. c3 Nf5 15. Nxf5 Bxf5 16. Bxc5 Rxc5 17. Bd3 Bxd3 18. Qxd3 g6 19. Rf2 O-O 20. Kh1 b5 21. Rg1 Rc4 22. b3 Rc6 23. Rf3 Qc7 24. g4 hxg4 25. Rxg4 b4 26. Rfg3 Rc8 27. Rxg6+ Kf8 28. Rg8+ Ke7 29. Rxc8 Qxc8 30. cxb4 Rc1+ 31. Kg2 Rc2+ 32. Kg1 Rc1+ 33. Kg2 Rc2+ 34. Kh1 Rc1+ 35. Rg1 Rxg1+ 36. Kxg1 Qc1+ 37. Qf1 Qe3+ 38. Qf2 Qc1+ 39. Kg2 Qb1 40. Qa7+ Kf8 41. Qxa6 Qe4+ 42. Kg3 Qe3+ 43. Kg4 Qg1+ 44. Kf3 Qh1+ 45. Ke3 Qe4+ 46. Kd2 Qxf4+ 47. Kc2 Qxh2+ 48. Kb1 Qg1+ 49. Kb2 Qh2+ 50. Ka3 Qxe5 51. b5 d4 52. b6 Qc5+ 53. Ka4 Qc6+ 54. Ka5 Qc5+ 55. Ka4 Qc6+ 56. Ka3 Qc5+ 57. b4 Qc3+ 58. Ka4 Qc2+ 59. Kb5 Qe2+ 60. Ka5 Qxa2+ 61. Kb5 Qe2+ 62. Ka5 Qa2+ 63. Kb5 Qe2+ 64. Ka5 Qa2+ 1/2-1/2


[Site "https://www.chess.com"]

[Event "Titled Tuesday Blitz November 22 Early 2022"]
[White "Przybylski, Wojciech"]
[Black "Ozen, Bahadir"]
[WhiteFideId "1117599"]
[BlackFideId "6337058"]
[WhiteElo "2221"]
[BlackElo "2503"]
[Result "0-1"]
[Round "01"]
[TimeControl "180+1"]
[Date "2022.11.23"]
[WhiteClock "0:00:13"]
[BlackClock "0:00:16"]

1. e4 d6 2. d4 Nf6 3. Nc3 Nbd7 4. Be2 e5 5. Nf3 Be7 6. O-O O-O 7. h3 c6 8. a4 b6 9. Be3 a6 10. Nd2 Bb7 11. f4 b5 12. Bf3 Qc7 13. g4 exd4 14. Bxd4 b4 15. Ne2 c5 16. Be3 d5 17. e5 Ne4 18. Nxe4 dxe4 19. Bg2 Nb6 20. Ng3 Nc4 21. Bc1 e3 22. Qe2 Bxg2 23. Kxg2 Qc6+ 24. Kh2 Nd2 25. Bxd2 exd2 26. Nf5 Rfe8 27. Qxd2 Bf8 28. Rad1 Qxa4 29. b3 Qc6 30. Ne3 a5 31. Nc4 a4 32. f5 a3 33. f6 g6 34. Qd7 Qe4 35. Qd3 Rxe5 36. Nxe5 Qxe5+ 37. Qg3 Qb2 38. Qg2 Re8 39. Rb1 Qe5+ 40. Kh1 a2 41. Ra1 Qb2 42. c4 Re2 43. Qg3 Qc2 44. Rad1 Qe4+ 45. Qf3 Qe5 46. g5 Qh2# 0-1


[Site "https://www.chess.com"]

[Event "Titled Tuesday Blitz November 22 Early 2022"]
[White "Rakhmanov, Aleksandr"]
[Black "Jimenez Almeida, Luis David"]
[WhiteFideId "4173708"]
[BlackFideId "22242244"]
[WhiteElo "2530"]
[BlackElo "2158"]
[Result "1/2-1/2"]
[Round "01"]
[TimeControl "180+1"]
[Date "2022.11.23"]
[WhiteClock "0:00:06"]
[BlackClock "0:00:03"]

1. d4 g6 2. c4 Bg7 3. Nf3 c5 4. d5 d6 5. e4 b5 6. cxb5 a6 7. b6 Nd7 8. Nc3 Qxb6 9. Be2 Ngf6 10. O-O O-O 11. Nd2 Bb7 12. Nc4 Qc7 13. Bf4 Ne8 14. Qd2 Nb6 15. b3 Nxc4 16. bxc4 Qa5 17. Rfc1 Nf6 18. Rab1 Rfb8 19. Rb3 Bc8 20. Qc2 Nd7 21. Bd2 Qc7 22. Rcb1 Rxb3 23. axb3 Rb8 24. Ra1 Bd4 25. Ra3 Nf8 26. Nd1 e6 27. Bc3 Bxc3 28. Nxc3 e5 29. Qd2 Qe7 30. Bd1 Kg7 31. Bc2 h6 32. Nd1 Qg5 33. Qxg5 hxg5 34. Ne3 Nh7 35. Kf1 g4 36. Ke1 Kh6 37. Kd2 Kg5 38. Kc3 f5 39. Ra1 Nf6 40. exf5 gxf5 41. Rh1 Bd7 42. Nf1 Rh8 43. Nd2 f4 44. Ne4+ Nxe4+ 45. Bxe4 Bf5 46. Kd3 a5 47. h3 gxh3 48. Bxf5 Kxf5 49. gxh3 e4+ 50. Kd2 Rh4 51. Rh2 f3 52. Ke3 Ke5 53. Rh1 Kf5 54. Rh2 Ke5 55. Rh1 Kf5 56. Rg1 Rxh3 57. Rg8 Rh1 58. Rf8+ Ke5 59. Re8+ Kf5 60. Rf8+ Ke5 61. Re8+ Kf5 62. Rf8+ 1/2-1/2


[Site "https://www.chess.com"]

[Event "Titled Tuesday Blitz November 22 Early 2022"]
[White "Reprintsev, Alexander"]
[Black "Durarbayli, Vasif"]
[WhiteFideId "14100541"]
[BlackFideId "13402935"]
[WhiteElo "2230"]
[BlackElo "2586"]
[Result "0-1"]
[Round "01"]
[TimeControl "180+1"]
[Date "2022.11.23"]
[WhiteClock "0:01:05"]
[BlackClock "0:00:27"]

1. e4 c5 2. b3 g6 3. Bb2 Nf6 4. e5 Nd5 5. Nc3 Nxc3 6. dxc3 Bg7 7. Qd5 Nc6 8. Nf3 Qa5 9. b4 Qb6 10. O-O-O cxb4 11. Bc4 O-O 12. Bb3 bxc3 13. Bxc3 d6 14. Rhe1 Be6 15. Qd2 Bxb3 16. axb3 dxe5 17. Nxe5 Rad8 18. Nxc6 Rxd2 19. Nxe7+ Kh8 20. Bxg7+ Kxg7 21. Rxd2 Rd8 22. Rde2 a5 23. Re4 Qxf2 24. R1e2 Qf1+ 25. Kb2 Qf6+ 26. Ka2 Rd1 27. Re5 Qf1 28. h3 b5 29. Nc6 b4 0-1


[Site "https://www.chess.com"]

[Event "Titled Tuesday Blitz November 22 Early 2022"]
[White "Rios Escobar, Adan"]
[Black "Agasarov, Benik"]
[WhiteFideId "3403645"]
[BlackFideId "13314823"]
[WhiteElo "2353"]
[BlackElo "2178"]
[Result "0-1"]
[Round "01"]
[TimeControl "180+1"]
[Date "2022.11.23"]
[WhiteClock "0:00:01"]
[BlackClock "0:00:35"]

1. d4 Nf6 2. g3 g6 3. Bg2 Bg7 4. e4 d6 5. Ne2 O-O 6. O-O Nbd7 7. h3 e5 8. Nbc3 Re8 9. Be3 exd4 10. Bxd4 Nc5 11. e5 Nfd7 12. exd6 cxd6 13. Bxg7 Kxg7 14. Qxd6 Qf6 15. Qxf6+ Nxf6 16. Rad1 Bf5 17. Nd4 Bd7 18. Rd2 Re7 19. Rfd1 Rae8 20. Kh2 h5 21. b4 Na4 22. Nxa4 Bxa4 23. Nb3 Ne4 24. Bxe4 Rxe4 25. Rd4 Re2 26. R1d2 Bc6 27. Na5 Bf3 28. Rxe2 Rxe2 29. Rf4 Bd5 30. c4 Be6 31. a3 b6 0-1


[Site "https://www.chess.com"]

[Event "Titled Tuesday Blitz November 22 Early 2022"]
[White "Roque Sola, Gisela"]
[Black "Crevatin, Leo"]
[WhiteFideId "5120241"]
[BlackFideId "1726307"]
[WhiteElo "1961"]
[BlackElo "2208"]
[Result "0-1"]
[Round "01"]
[TimeControl "180+1"]
[Date "2022.11.23"]
[WhiteClock "0:00:21"]
[BlackClock "0:00:21"]

1. c4 Nf6 2. Nc3 c5 3. Nf3 Nc6 4. g3 d5 5. cxd5 Nxd5 6. Nxd5 Qxd5 7. Bg2 e5 8. d3 Be7 9. O-O Qd8 10. Be3 f6 11. Rc1 Nd4 12. Bxd4 cxd4 13. Nd2 O-O 14. Ne4 Qb6 15. Qb3+ Qxb3 16. axb3 Rb8 17. Nc5 Rd8 18. Ne4 Bb4 19. Rc2 Be6 20. Nc5 Bxc5 21. Rxc5 Rd7 22. b4 Kf7 23. Rfc1 Ke7 24. Rc7 Kd6 25. Rxd7+ Kxd7 26. b5 Kd6 27. Kf1 Bd7 28. Ra1 Bxb5 29. Rxa7 Ba6 30. Ke1 Kc7 31. Kf1 Kb6 32. Rxa6+ bxa6 33. Ke1 Kc5 34. Kd2 Rxb2+ 0-1


[Site "https://www.chess.com"]

[Event "Titled Tuesday Blitz November 22 Early 2022"]
[White "Rottenwohrer Suarez, Juan"]
[Black "Gabrielian, Artur"]
[WhiteFideId "32068182"]
[BlackFideId "4131002"]
[WhiteElo "2195"]
[BlackElo "2432"]
[Result "1/2-1/2"]
[Round "01"]
[TimeControl "180+1"]
[Date "2022.11.23"]
[WhiteClock "0:00:12"]
[BlackClock "0:02:09"]

1. d4 Nf6 2. c4 c5 3. Nf3 e6 4. Nc3 cxd4 5. Nxd4 d5 6. cxd5 Nxd5 7. Bd2 Be7 8. e4 Nxc3 9. Bxc3 O-O 10. Be2 Qb6 11. Qb3 Qxb3 12. axb3 a6 13. O-O Bd7 14. Rfd1 Rc8 15. h3 Be8 16. Nb5 Nd7 17. Nd6 Bxd6 18. Rxd6 Nc5 19. Bf3 Nxb3 20. Rad1 Bc6 21. Bb4 a5 22. Ba3 b5 23. R6d3 a4 24. g4 h6 25. Kg2 e5 26. h4 Nd4 27. Bd6 f6 28. g5 hxg5 29. hxg5 Ne6 30. Bg4 Nf4+ 31. Kf3 Nxd3 32. Be6+ Kh7 33. g6+ Kxg6 34. Rg1+ Kh7 35. Rh1+ Kg6 36. Rg1+ Kh5 37. Rh1+ Kg5 38. Rg1+ Kh6 39. Rh1+ Kg6 40. Rg1+ 1/2-1/2


[Site "https://www.chess.com"]

[Event "Titled Tuesday Blitz November 22 Early 2022"]
[White "Sadhwani, Raunak"]
[Black "Kuzmin, Roman"]
[WhiteFideId "35093487"]
[BlackFideId "44134932"]
[WhiteElo "2656"]
[BlackElo "2197"]
[Result "1-0"]
[Round "01"]
[TimeControl "180+1"]
[Date "2022.11.22"]
[WhiteClock "0:00:18"]
[BlackClock "0:00:01"]

1. e4 c5 2. Nf3 d6 3. Nc3 Nf6 4. h3 e6 5. d4 cxd4 6. Nxd4 Nc6 7. Be3 a6 8. g4 h6 9. f4 g5 10. f5 Ne5 11. Be2 b5 12. a3 Bb7 13. fxe6 Nxe4 14. exf7+ Kxf7 15. Rf1+ Kg8 16. Nxe4 Bxe4 17. c3 Qe8 18. Qd2 Nc4 19. Bxc4+ bxc4 20. O-O-O d5 21. Rde1 Rb8 22. Nc2 Qb5 23. Nb4 a5 24. Qf2 Rh7 25. Qf6 Re7 26. Bd4 Rg7 27. Qxh6 Rbb7 28. Qe6+ Kh7 29. Rxf8 axb4 30. Rxe4 dxe4 31. Qxe4+ Rg6 32. Rh8# 1-0


[Site "https://www.chess.com"]

[Event "Titled Tuesday Blitz November 22 Early 2022"]
[White "Sadubayev, Airat"]
[Black "Fishchuk, Vladyslav"]
[WhiteFideId "13713264"]
[BlackFideId "34122117"]
[WhiteElo "2160"]
[BlackElo "2054"]
[Result "1-0"]
[Round "01"]
[TimeControl "180+1"]
[Date "2022.11.23"]
[WhiteClock "0:00:12"]
[BlackClock "0:00:16"]

1. d4 Nf6 2. c4 e6 3. Nf3 d5 4. g3 dxc4 5. Bg2 Bd7 6. Ne5 Bc6 7. Nxc6 Nxc6 8. Qa4 Qd7 9. O-O O-O-O 10. Qxc4 Qxd4 11. Qb5 Qc5 12. Qxc5 Bxc5 13. Nc3 h6 14. Bf4 g5 15. Bxc6 gxf4 16. Bf3 fxg3 17. hxg3 Rd2 18. b3 Rhd8 19. Na4 Ba3 20. e3 b5 21. Nc3 Bb2 22. Nxb5 Bxa1 23. Nxa7+ Kd7 24. Rxa1 Nd5 25. Nb5 c6 26. Nd4 Ra8 27. a4 e5 28. Nf5 Rb2 29. Nxh6 f6 30. Rd1 Ke7 31. Bxd5 cxd5 32. Rxd5 Rxb3 33. Rc5 Rxa4 34. Rc7+ Ke6 35. Rc6+ Ke7 36. Nf5+ Kf7 37. Rc7+ Ke6 38. Ng7+ Kd6 39. Rf7 Rg4 40. Ne8+ Kd5 41. Nxf6+ Kc4 42. Nxg4 1-0


[Site "https://www.chess.com"]

[Event "Titled Tuesday Blitz November 22 Early 2022"]
[White "Sailer, Mike"]
[Black "Yurovskykh, Oleksandr"]
[WhiteFideId "2012901"]
[BlackFideId "14134020"]
[WhiteElo "2109"]
[BlackElo "2265"]
[Result "1/2-1/2"]
[Round "01"]
[TimeControl "180+1"]
[Date "2022.11.23"]
[WhiteClock "0:00:19"]
[BlackClock "0:00:05"]

1. Nf3 d5 2. c4 c6 3. g3 Bg4 4. Bg2 e6 5. O-O Nd7 6. b3 Ngf6 7. Bb2 Bd6 8. d4 O-O 9. Nbd2 Qe7 10. h3 Bh5 11. g4 Bg6 12. Ne5 Rad8 13. f4 Bxe5 14. fxe5 Ne4 15. Nxe4 Bxe4 16. Bxe4 dxe4 17. Qc2 f5 18. exf6 Nxf6 19. e3 h6 20. Rf2 Qc7 21. Kg2 c5 22. Raf1 cxd4 23. Bxd4 e5 24. Bc3 Rd3 25. Rf5 Rxe3 26. Bxe5 Qd7 27. Bxf6 gxf6 28. Qf2 Rd3 29. Qf4 Rd2+ 30. Kg3 Qd3+ 31. Kh4 e3 32. Qxh6 Qd7 33. Qg6+ Qg7 34. Rxf6 Rxf6 35. Rxf6 Qxg6 36. Rxg6+ Kf7 37. Rg5 Ke6 38. Rg8 Ke7 39. Rg5 Ke6 40. Kg3 Rxa2 41. Kf3 Rb2 42. h4 Rxb3 43. h5 b6 44. h6 e2+ 45. Kxe2 Rh3 46. Rh5 Rxh5 47. gxh5 Kf7 48. Kd3 Kg8 49. Kc3 Kh7 50. Kb4 a6 51. c5 bxc5+ 52. Kxc5 Kxh6 53. Kb6 Kxh5 54. Kxa6 1/2-1/2


[Site "https://www.chess.com"]